 Dungeon Crawl Stone Soup version 0.31-a0-166-g46f44d267d (webtiles) character file.

Game seed: 18440811582332027202

23 qw the Shooter (level 2, -5/26 HPs)
             Began as a Naga Hunter on June 13, 2023.
             Slain by Terence
             ... wielding a +0 flail
              (10 damage)
             ... on level 1 of the Dungeon.
             The game lasted 00:00:13 (362 turns).

qw the Shooter (Naga Hunter)                         Turns: 362, Time: 00:00:14

Health: -5/26      AC:  2    Str: 13    XL:     2   Next: 95%
Magic:  2/2        EV:  9    Int:  9    God:
Gold:   50         SH:  0    Dex: 14    Spells: 1/1 levels left

rFire   . . .        f - +3 shortbow (drain)
rCold   + . .        (shield currently unavailable)
rNeg    . . .        c - +0 leather armour
rPois   +            (no helmet)
rElec   .            (no cloak)
rCorr   .            (no gloves)
SInv    +            (no barding)
Will    .....        (no amulet)
Stlth   ++           d - ring of protection from cold
HPRegen 0.24/turn    (no ring)
MPRegen 0.08/turn

%: no passive effects
@: about to teleport, attractive, very slow
A: AC +0, large, see invisible, deformed body, poison resistance, slowness 2,
spit poison 1, naga tail 1
a: Spit Poison


You were on level 1 of the Dungeon.
You visited 1 branch of the dungeon, and saw 2 of its levels.

You collected 50 gold pieces.


Innate Abilities, Weirdness & Mutations

Your serpentine skin is tough. (AC +0)
You have supernaturally acute eyesight. (SInv)
Armour fits poorly on your strangely shaped body.
Your system is resistant to poisons. (rPois)
You cover ground very slowly.
You can spit poison.
You have a snake-like lower body.


   Skills:
 - Level 2.0 Fighting
 + Level 4.4 Ranged Weapons
 - Level 1.5 Dodging
 - Level 1.5 Stealth


You had one spell level left.
You didn't know any spells.
Your spell library was empty.

Inventory:

Hand Weapons
 f - a +3 shortbow of draining (weapon)
Armour
 c - a +0 leather armour (worn)
Jewellery
 d - a ring of protection from cold (left hand)
Scrolls
 a - a scroll of teleportation
Potions
 g - a potion of resistance {unknown}
 h - a potion of curing {unknown}

Dungeon Overview and Level Annotations

Branches:
Dungeon (2/15)

Altars:

Annotations:
D:1 Terence


Message History

Something is attracted toward you.
There is a stone staircase leading up here.
There are monsters nearby!
Waypoint 1 assigned to D:2.
355 ||| INVOKING Spit Poison.
Aiming: Spit Poison (2% risk of failure)
Press: ? - help, Shift-Dir - straight line, f - jackal The splash of poison hits the jackal.
The jackal is poisoned.
The jackal is severely wounded.
The jackal barks!
The jackal barks!
You kill the jackal!
Terence is attracted toward you. The jackal is attracted toward you.
You shoot an arrow. The arrow barely misses Terence.
The jackal closely misses you. Terence hits you with a +0 flail.
The jackal bites you.
357 ||| STAIRDANCE You have got your breath back.
Terence closely misses you.
You climb upwards.
There is a stone staircase leading down here.
359 ||| INVOKING Spit Poison.
Aiming: Spit Poison (2% risk of failure)
Press: ? - help, Shift-Dir - straight line, f - Terence The splash of poison hits Terence.
Terence is poisoned.
Terence is moderately wounded.
The jackal barely misses you. Terence hits you with a +0 flail!
The jackal bites you but does no damage.
You shoot an arrow. The arrow closely misses Terence.
The jackal bites you.
Terence says, "Don't bother to defend, it's pointless."
Terence hits you with a +0 flail.
You shoot an arrow. The arrow completely misses Terence.
You have got your breath back.
The jackal barely misses you. Terence hits you with a +0 flail.
The jackal barely misses you.
362 ||| READING 2 scrolls of teleportation.
As you read the scroll of teleportation, it crumbles to dust.
You feel strangely unstable. The jackal barely misses you.
Terence hits you with a +0 flail!
You die...

.# #.#.......¤.#................
.# #..######........##.#........
.# ##.# ##....¤............>.
.#####.#######...#....#..........
.#...)...........#......#.......#
...###.########........#####.##.#
.#####.# ###....####...%# #.##.#
.......####...##.#######.###.#..#
.......#####...h@...........#....
.....##...#####@........^.PP#....
.....##.....###...######..)######
####.##........##.######..)#_#..#
###.........##...%.....P#.#..#
###....<....##.######..#.P....
##....7....###.......P.#P...}.
##.........########.#P.#..}}}P
####........##........#..#.....P


You could see Terence (poisoned) and a jackal.

Vanquished Creatures
  A ball python (D:1)
  4 bats (D:1)
  4 endoplasms (D:1)
  2 giant cockroaches (D:1)
  A hobgoblin (D:1)
  A jackal (D:2)
  A frilled lizard (D:1)
  5 kobolds (D:1)
  2 rats (D:1)
21 creatures vanquished.

Notes
Turn   | Place    | Note
-------+----------+-------------------------------------------
     0 | D:1      | qw the Naga Hunter began the quest for the Orb.
     0 | D:1      | Reached XP level 1. HP: 19/19 MP: 1/1
     0 | D:1      | 0 ||| qw: Version: 0.2-a-29-gc1b59c4
     0 | D:1      | 0 ||| qw: Game counter: 4823
     0 | D:1      | 0 ||| qw: Always use a shield: true
     0 | D:1      | 0 ||| qw: God list: Okawaru
     0 | D:1      | 0 ||| qw: Allow faded altars: false
     0 | D:1      | 0 ||| qw: Do Orc after D:15 true
     0 | D:1      | 0 ||| qw: Do second Lair branch before Depths: true
     0 | D:1      | 0 ||| qw: Lair rune preference: random
     0 | D:1      | 0 ||| qw: Plans: Normal
     0 | D:1      | 0 ||| PLANNING D:1-11
    53 | D:1      | 53 ||| INVOKING Spit Poison.
    74 | D:1      | 74 ||| INVOKING Spit Poison.
    80 | D:1      | 80 ||| INVOKING Spit Poison.
    81 | D:1      | Reached skill level 4 in Ranged Weapons
    81 | D:1      | Reached XP level 2. HP: 26/26 MP: 2/2
    87 | D:1      | 87 ||| INVOKING Spit Poison.
   103 | D:1      | Found a faded altar of an unknown god.
   111 | D:1      | 111 ||| INVOKING Spit Poison.
   179 | D:1      | 179 ||| INVOKING Spit Poison.
   210 | D:1      | 210 ||| INVOKING Spit Poison.
   247 | D:1      | 247 ||| INVOKING Spit Poison.
   283 | D:1      | 283 ||| INVOKING Spit Poison.
   329 | D:1      | 329 ||| UPGRADING to ring of protection from cold.
   330 | D:1      | 330 ||| READING 3 scrolls labelled SIUWOTZO ZASIE.
   335 | D:1      | 335 ||| READING scroll labelled OHYABU SORUSSE.
   336 | D:1      | 336 ||| READING scroll labelled EGRIHU JOCYN.
   337 | D:1      | 337 ||| READING scroll labelled EGHAXU LAULECEQ.
   337 | D:1      | Identified a scroll of acquirement
   337 | D:1      | 337 ||| ACQUIRING +3 shortbow of draining
   337 | D:1      | Acquired a +3 shortbow of draining
   339 | D:1      | 339 ||| SWAPPING to +3 shortbow of draining.
   340 | D:1      | 340 ||| DROPPING +0 shortbow.
   341 | D:1      | 341 ||| DRINKING 2 smoky golden potions.
   342 | D:1      | 342 ||| DROPPING scroll of butterflies.
   343 | D:1      | 343 ||| DROPPING potion of attraction.
   354 | D:2      | Noticed Terence
   355 | D:2      | 355 ||| INVOKING Spit Poison.
   357 | D:2      | 357 ||| STAIRDANCE
   359 | D:1      | 359 ||| INVOKING Spit Poison.
   361 | D:1      | HP: 5/26 [Terence/+0 flail (5)]
   362 | D:1      | 362 ||| READING 2 scrolls of teleportation.
   362 | D:1      | Slain by Terence

Levels and vault maps discovered:
D:1:      spicycebolla_green_bress_n_ham, layout_rooms,
          shapermc_ecumenical_altar_mp_ritualfount
D:2:      layout_basic, basic_altar, grunt_decor_mini_mirrors, uniq_natasha,
          uniq_robin, uniq_terence

Skill      XL: |  1 |
---------------+----+-----
Ranged Weapons | 4 |  4.4
Fighting       | |  2.0
Dodging        | |  1.5
Stealth        | |  1.5

Action                     || total
---------------------------++-------
   Fire: Shortbow          ||    26
Ability: Spit Poison       ||    11
    Use: Scroll            ||     5
         Potion            ||     1
 Armour: Leather armour    ||     2
  Dodge: Dodged            ||     7

Table legend:
 A = Non-vault XP
 B = Vault XP
 C = Vault XP percentage of total XP
 D = Non-vault monster count
 E = Vault monster count
 F = Vault count percentage of total count
                 A         B        C        D         E       F
            +---------+---------+-------+---------+---------+-------
      Total |      33 |       0 |   0.0 |      21 |       0 |   0.0
            +---------+---------+-------+---------+---------+-------
        D:1 |      31 |       0 |   0.0 |      20 |       0 |   0.0
        D:2 |       2 |       0 |   0.0 |       1 |       0 |   0.0
            +---------+---------+-------+---------+---------+-------
